 Dungeon Crawl Stone Soup version 0.30-a0-937-ga0a21ad780 (webtiles) character file.

Game seed: 3938360876840647952

2877 FexLirch the Geomancer (level 10, -13/73 HPs)
             Began as a Meteoran Earth Elementalist on Mar 24, 2023.
             Was an Initiate of Cheibriados.
             Mangled by Gastronok (27 damage)
             ... on level 8 of the Dungeon.
             The game lasted 00:13:55 (1720 turns).

FexLirch the Geomancer (MeEE)                       Turns: 1720, Time: 00:13:55

Health: -13/73     AC:  4    Str: 11    XL:     10   Next: 25%
Magic:  0/23       EV: 18    Int: 21    God:    Cheibriados [......]
Gold:   146        SH:  0    Dex: 17    Spells: 17/26 levels left

rFire   . . .      SeeInvis .    i - +0 hand axe
rCold   . . .      Faith    .    (no shield)
rNeg    . . .      Spirit   +    s - +2 robe {Will+}
rPois   .          Reflect  .    (no helmet)
rElec   .          Rampage  .    (no cloak)
rCorr   .                        (no gloves)
Will    ++...                    (no boots)
Stlth   +                        n - amulet of guardian spirit
HPRegen 0.32/turn                t - +5 ring of evasion
MPRegen 0.18/turn                (no ring)

@: brilliant, about to teleport, glowing, very slow
A: sense surroundings 2, otherworldly, glowing, explore regen
a: Renounce Religion


You were on level 8 of the Dungeon.
You worshipped Cheibriados.
Cheibriados was noncommittal.
You visited 2 branches of the dungeon, and saw 9 of its levels.
You also visited: Sewer.

You collected 146 gold pieces.

Inventory:

Hand Weapons
 i - a +0 hand axe (weapon)
 l - a +0 short sword of draining
 m - a +3 dagger
 o - a +5 antimagic quarterstaff
 r - a +4 great sword of holy wrath
 x - a +0 shortbow
Missiles
 h - 2 atropa-tipped darts
 k - 4 poisoned darts
 q - 13 stones
 v - 2 throwing nets
 w - 6 boomerangs
Armour
 a - a +0 robe
 p - +0 gold dragon scales
 s - a +2 robe of willpower (worn)
 u - a +2 leather armour of fire resistance
Jewellery
 n - an amulet of guardian spirit (around neck)
 t - a +5 ring of evasion (left hand)
 A - a ring of fire
Scrolls
 d - a scroll of magic mapping {unknown}
 e - a scroll of fog
 f - a scroll of teleportation
 g - a scroll of poison {unknown}
 j - 3 scrolls of enchant armour
 y - a scroll of immolation {unknown}
 B - a scroll of fear {unknown}
Potions
 b - a potion of brilliance
 c - 3 potions of curing
 z - a potion of flight {unknown}


   Skills:
 + Level 2.1 Fighting
 + Level 2.4 Armour
 + Level 3.6 Dodging
 - Level 1.4 Stealth
 + Level 8.7 Spellcasting
 + Level 8.1 Conjurations
 - Level 1.2 Transmutations
 - Level 3.6 Air Magic
 + Level 9.0 Earth Magic
 + Level 2.2 Invocations


You had 17 spell levels left.
You knew the following spells:

 Your Spells              Type           Power      Damage    Failure   Level
a - Sandblast             Erth           100%       2d20      1%          1
b - Passwall              Tmut/Erth      38%        N/A       1%          2
c - Stone Arrow           Conj/Erth      100%       3d13      1%          3
d - Swiftness             Air            36%        N/A       4%          3

Your spell library contained the following spells:

 Spells                   Type           Power      Damage    Failure   Level
 Shock                    Conj/Air       100%       1d9       1%          1
 Petrify                  Tmut/Erth      46%        N/A       9%          4
 Airstrike                Air            18%        2d(3-19)  17%         4


Dungeon Overview and Level Annotations

Branches:
Dungeon (8/15) Zot: 5352   Temple (1/1) D:6 Zot: 671   Sewer (visited)
   Lair: D:8-11

Altars:
Ashenzari
Cheibriados
Dithmenos
Elyvilon
Fedhas
Hepliaklqana
Makhleb
Okawaru
Qazlal
Ru
Sif Muna
Trog
Uskayaw
Vehumet
Wu Jian
Yredelemnul
Zin
The Shining One

Annotations:
D:8 Gastronok


Innate Abilities, Weirdness & Mutations

You passively map the area around you.
You are easily found by Zot.
You glow in the dark.
You regain HP and MP as you explore.


Message History

Aim: Gastronok, wearing a +0 hat (100% to hit)
You feel a surge of power!
The stone arrow hits Gastronok!!
Gastronok is moderately wounded.
The bat barely misses you. Gastronok bites you!!
Casting: Stone Arrow (safe; 1% risk of failure)
Confirm with . or Enter, or press ? or * to list all spells.
Aiming: Stone Arrow (safe; 1% risk of failure)
Press: ? - help, Shift-Dir - straight line, f/p - Gastronok
Aim: Gastronok, wearing a +0 hat (moderately wounded, 100% to hit)
You feel a surge of power!
The stone arrow hits Gastronok!!
Gastronok is heavily wounded.
The bat closely misses you.
Casting: Stone Arrow (safe; 1% risk of failure)
Confirm with . or Enter, or press ? or * to list all spells.
Aiming: Sandblast (safe; 1% risk of failure)
Press: ? - help, Shift-Dir - straight line, f/p - Gastronok
Aim: Gastronok, wearing a +0 hat (heavily wounded, 100% to hit)
You feel a surge of power!
The blast of sand hits Gastronok!!
Gastronok is severely wounded.
The bat barely misses you. The bat completely misses you.
Gastronok gurgles, "I'll eat you, I will!"
Gastronok bites you!!
* * * LOW HITPOINT WARNING * * *
Okay, then.
Unknown command.
As you read the scroll of teleportation, it crumbles to dust.
You feel strangely unstable. The bat barely misses you.
The bat closely misses you.
Casting: Sandblast (safe; 1% risk of failure)
Confirm with . or Enter, or press ? or * to list all spells.
You don't have enough magic to cast this spell.
Casting: Sandblast (safe; 1% risk of failure)
Confirm with . or Enter, or press ? or * to list all spells.
Aiming: Sandblast (safe; 1% risk of failure)
Press: ? - help, Shift-Dir - straight line, f/p - Gastronok
Aim: Gastronok, wearing a +0 hat (severely wounded, 100% to hit)
You feel a surge of power!
The blast of sand hits Gastronok!!
Gastronok is almost dead.
The bat closely misses you. Gastronok bites you!!
You die...

, , * > ,,, ** ** *.. ,*
, #.# * * * #.# , *** *
* , #.# * ,, # . * , ##
#.# ** .#.#*** ##.##.# *
....#
###...#.#########....##
, _
........)......@w......+
*
*##...#.########b....#.
,, ##..#.# .....# ##
#..# * .##### #.###.# .#
* * #.#.## *,.. * + *
#.## ## , , #.# * *,* ,*
######.# * * **


You could see Gastronok and a bat (summoned).

Vanquished Creatures
  Joseph (D:8)
  Grinder (D:3)
  Sigmund (D:5)
  A wyvern (D:7)
  A steam dragon (D:6)
  An orc warrior (D:5)
  2 ogres
  3 centaurs
  3 phantoms
  4 kobold brigands (Sewer)
  3 scorpions
  A gnoll sergeant (D:5)
  8 hounds
  A jelly (D:7)
  An orc priest (D:5)
  A gnoll bouda (D:5)
  2 iguanas
  2 sleepcaps
  2 orc wizards (D:5)
  6 gnolls
  10 adders
  A shadow imp (D:5)
  A worm (D:4)
  A dart slug (D:5)
  12 orcs
  5 ball pythons
  8 endoplasms
  4 goblins
  4 hobgoblins (D:4)
  7 jackals (D:5)
  6 kobolds
  2 rats (Sewer)
106 creatures vanquished.

Notes
Turn   | Place    | Note
-------+----------+-------------------------------------------
     0 | D:1      | FexLirch the Meteoran Earth Elementalist began the quest
                  | for the Orb.
     0 | D:1      | Reached XP level 1. HP: 14/14 MP: 5/5
   115 | D:2      | Reached XP level 2. HP: 20/20 MP: 4/6
   134 | D:2      | Reached skill level 1 in Conjurations
   158 | D:3      | Noticed Grinder
   178 | D:3      | Killed Grinder
   179 | D:3      | Reached skill level 5 in Earth Magic
   179 | D:3      | Reached XP level 3. HP: 17/26 MP: 5/10
   179 | D:3      | Reached XP level 4. HP: 22/33 MP: 5/11
   179 | D:3      | Reached XP level 5. HP: 26/38 MP: 5/13
   179 | D:3      | Reached XP level 6. HP: 30/45 MP: 5/14
   296 | D:4      | Learned a level 2 spell: Passwall
   300 | D:4      | Learned a level 3 spell: Stone Arrow
   311 | D:4      | Reached skill level 5 in Spellcasting
   311 | D:4      | Reached XP level 7. HP: 50/50 MP: 10/15
   340 | D:4      | Found a glowing drain.
   349 | Sewer    | Entered a sewer
   372 | Sewer    | Reached skill level 6 in Earth Magic
   522 | Sewer    | Reached skill level 5 in Conjurations
   559 | Sewer    | Reached XP level 8. HP: 57/57 MP: 11/17
   693 | D:4      | You fall into a shaft and drop 1 floor!
   693 | D:5      | Entered Level 5 of the Dungeon
   796 | D:5      | Reached skill level 7 in Earth Magic
   826 | D:5      | Noticed Sigmund
   830 | D:5      | Killed Sigmund
   902 | D:4      | Found Qenajeo's CLEARANCE SALE!.
  1006 | D:5      | Learned a level 3 spell: Swiftness
  1045 | D:5      | Gained mutation: You passively map the area around you.
                  | [Meteoran growth]
  1045 | D:5      | Reached XP level 9. HP: 60/62 MP: 17/20
  1067 | D:6      | Reached skill level 1 in Air Magic
  1163 | D:5      | Reached skill level 8 in Earth Magic
  1211 | D:5      | You fall into a shaft and drop 1 floor!
  1242 | D:6      | Found a staircase to the Ecumenical Temple.
  1248 | Temple   | Entered the Ecumenical Temple
  1379 | Temple   | Became a worshipper of Cheibriados the Contemplative
  1460 | D:7      | Found a glowing golden altar of the Shining One.
  1465 | D:7      | Reached skill level 1 in Fighting
  1465 | D:7      | Reached skill level 1 in Armour
  1579 | D:6      | Reached XP level 10. HP: 71/71 MP: 21/23
  1612 | D:6      | You fall into a shaft and drop 1 floor!
  1636 | D:7      | Reached skill level 1 in Invocations
  1690 | D:8      | Noticed Joseph
  1700 | D:8      | Killed Joseph
  1701 | D:8      | Reached skill level 9 in Earth Magic
  1710 | D:8      | Noticed Gastronok
  1720 | D:8      | Mangled by Gastronok

Illustrated notes

Levels and vault maps discovered:
D:1:      minmay_arrival_widening_spiral_wide, layout_rooms, minivault_19,
          minmay_misc_feat_rugged
D:2:      layout_loops_ring, serial_shops, shop
D:3:      layout_loops_ring, basic_ecumenical_altar, serial_bayou_pond_c,
          minmay_door_square, minmay_randomly_rotated_circles, uniq_grinder
D:4:      layout_rooms, xom_teletrap_fun, cheibrodos_sewer_entry_bend,
          minmay_misc_feat_more_columns, nicolae_shop_clearance
D:5:      minmay_octagon_keep, layout_loops_ring, guppyfry_early_orc_mine,
          uniq_sigmund, uniq_blork_the_orc
D:6:      layout_loops_ring, minmay_temple_entry_hall,
          nicolae_figureground_pulse
D:7:      layout_rooms, overflow_temple_1_default
D:8:      layout_loops_corners, nicolae_overflow_hidden_temple,
          erik_lair_island, kennysheep_kite_vault, uniq_joseph, uniq_gastronok
Temple:   mainiacjoe_temple_bowtie_tessellation

Skill      XL: |  1  2  3  4  5  6  7  8  9 10 |
---------------+-------------------------------+-----
Spellcasting   | 4 5 7 8 |  8.7
Conjurations   | 3 4 5 6 7 8 |  8.1
Earth Magic    | 5 6 7 8 9 |  9.0
Air Magic      | 3 |  3.6
Fighting       | 1 2 |  2.1
Armour         | 1 2 |  2.4
Dodging        | 3 |  3.6
Invocations    | 2 |  2.2
Stealth        | |  1.4
Transmutations | |  1.2

Action                     |  1- 3 |  4- 6 |  7- 9 | 10-12 || total
---------------------------+-------+-------+-------+-------++-------
  Melee: Hand axe          |       |       |     3 |     3 ||     6
         Punch             |       |       |       |     1 ||     1
   Cast: Sandblast         |    23 |    23 |   101 |     3 ||   150
         Stone Arrow       |       |     1 |    47 |    14 ||    62
         Passwall          |       |       |     3 |       ||     3
    Use: Potion            |     1 |       |     3 |     1 ||     5
         Scroll            |       |       |     1 |     5 ||     6
 Armour: Robe              |     2 |     3 |    13 |       ||    18
         Skin              |       |       |     1 |       ||     1
  Dodge: Dodged            |     7 |    11 |    49 |    11 ||    78

Table legend: (Time is in decaauts)
 A = Elapsed time spent in this place.
 B = Non-inter-level travel time spent in this place.
 C = Inter-level travel time spent in this place.
 D = Time resting spent in this place.
 E = Time spent auto-exploring this place.
 F = Levels seen in this place.
 G = Mean time per level.
                   A        B        C        D        E       F      G
               +--------+--------+--------+--------+--------+-----+--------+
         Total |   1986 |   1956 |     30 |     44 |      0 |  10 |  198.6 |
       Dungeon |   1360 |   1360 |      0 |      6 |      0 |   8 |  170.0 |
        Temple |    163 |    133 |     30 |      0 |      0 |   1 |  163.0 |
         Sewer |    462 |    462 |      0 |     38 |      0 |   1 |  462.0 |
               +--------+--------+--------+--------+--------+-----+--------+

Top non-repeatable levels by time:
     D:5: 466 daAuts
   Sewer: 462 daAuts
     D:6: 276 daAuts
     D:4: 168 daAuts
  Temple: 163 daAuts
     D:3: 129 daAuts
     D:7: 101 daAuts
     D:1: 96 daAuts
     D:8: 66 daAuts
     D:2: 56 daAuts
